 Dungeon Crawl Stone Soup version bcrawl-1.26.1 (webtiles) character file.

Game seed: 878076505292946886

144052 Freyura the Twirler (level 4, -1/35 HPs)
             Began as a Demonspawn Gladiator on July 4, 2020.
             Slain by a gnoll
             ... wielding a +0 spear
              (6 damage)
             ... on level 3 of the Dungeon.
             The game lasted 00:03:04 (1465 turns).

Freyura the Twirler (Demonspawn Gladiator)          Turns: 1465, Time: 00:03:04

Health: -1/35      AC:  7    Str: 14    XL:     4   Next: 15%
Magic:  4/4        EV: 12    Int: 10    God:
Gold:   166        SH:  0    Dex: 15    Spells: 3/3 levels left

rFire    . . .     SeeInvis .   a - +0 quarterstaff
rCold    . . .     Gourm    .   (shield currently unavailable)
rNeg     . . .     Faith    .   i - +0 ring mail
rPois    .         Spirit   .   (helmet restricted)
rElec    .         Reflect  .   (no cloak)
rCorr    .         Harm     .   n - +1 pair of gloves
MR       .....                  (no boots)
Stlth    +.........             (no amulet)
HPRegen  0.11/turn              (no ring)
MPRegen  0.09/turn              (no ring)

@: no status effects
A: claws 1, horns 1
a: no special abilities


You were on level 3 of the Dungeon.
You were not hungry.

You visited 1 branch of the dungeon, and saw 3 of its levels.

You collected 166 gold pieces.

Inventory:

Hand Weapons
 a - a +0 quarterstaff (weapon)
Missiles
 d - 3 throwing nets {=f}
Armour
 c - a +0 helmet
 i - a +0 ring mail (worn)
 n - a +1 pair of gloves (worn)
Jewellery
 j - a +7 ring of dexterity {unknown}
Scrolls
 f - a scroll of amnesia
 g - a scroll of remove curse {unknown}
 k - a scroll of fog
 l - a scroll of identify
 m - 2 scrolls of teleportation
Potions
 b - a potion of brilliance {unknown}
Comestibles
 e - 3 rations {!d}
 h - 2 chunks of flesh


   Skills:
 * Level 3.0 Fighting
 * Level 3.3 Staves
 - Level 1.7 Throwing
 + Level 1.2 Armour
 + Level 3.1 Dodging


You had 3 spell levels left.
You didn't know any spells.
Your spell library was empty.

Dungeon Overview and Level Annotations

Branches:
Dungeon (3/12)

Altars:
Fedhas

Annotations:
D:3 Natasha


Innate Abilities, Weirdness & Mutations

You have sharp fingernails.
You have a pair of small horns on your head.


Message History

You barely miss the adder.
The gnoll hits you from afar with a +0 spear.
* * * LOW HITPOINT WARNING * * *
The adder closely misses you.
The crimson imp blinks!
You closely miss the adder. The gnoll closely misses you.
The adder bites you but does no damage. The gnoll misses you.
The adder bites you but does no damage.
You barely miss the adder. You headbutt the adder!
The adder is severely wounded.
The adder bites you but does no damage.
The crimson imp blinks!
The gnoll closely misses you.
You closely miss the adder. You headbutt the adder.
You kill the adder!
The gnoll completely misses you.
You hit Natasha but do no damage. Natasha claws you.
* * * LOW HITPOINT WARNING * * *
The gnoll hits you from afar with a +0 spear.
* * * LOW HITPOINT WARNING * * *
The gnoll hits you from afar with a +0 spear.
You die...

.......>......#
#............#
#............#
#........Sgg.#
#......?..<..#
##............#
......gg#
####..#h#
......#@#
#####...# #...#
#...# #.#.##
#.#..# .#
#.#..##.#
#.##.##.# ..
#.##.#


You could see Natasha and 2 gnolls.

Vanquished Creatures
  A gnoll (D:3)
  2 adders (D:3)
  An ooze (D:2)
  2 worms
  A dart slug (D:3)
  3 leopard geckos
  2 orcs
  5 bats
  3 giant cockroaches (D:2)
  3 goblins
  3 hobgoblins
  A jackal (D:2)
  2 kobolds
  A quokka (D:2)
  A frilled lizard (D:1)
  2 rats (D:2)
33 creatures vanquished.

Notes
Turn   | Place    | Note
-------+----------+-------------------------------------------
     0 | D:1      | Freyura the Demonspawn Gladiator began the quest for the
                  | Orb.
     0 | D:1      | Reached XP level 1. HP: 16/16 MP: 1/1
   456 | D:1      | Gained mutation: You have sharp fingernails. [demonic
                  | ancestry]
   456 | D:1      | Reached XP level 2. HP: 22/22 MP: 2/2
   722 | D:2      | Found a blossoming altar of Fedhas.
   958 | D:2      | Gained mutation: You have a pair of small horns on your
                  | head. [demonic ancestry]
   958 | D:2      | Reached XP level 3. HP: 28/28 MP: 3/3
  1312 | D:3      | Reached skill level 1 in Armour
  1452 | D:3      | Noticed Natasha
  1458 | D:3      | Reached XP level 4. HP: 19/35 MP: 4/4
  1465 | D:3      | Slain by a gnoll

Skill      XL: |  1  2  3 |
---------------+----------+-----
Staves         | 3 |  3.3
Dodging        | 3 |  3.1
Armour         | 1 |  1.2
Fighting       | 3 |  3.0
Throwing       | |  1.7

Action                   |  1- 3 |  4- 6 || total
-------------------------+-------+-------++-------
Melee: Quarterstaff      |    99 |     7 ||   106
       Headbutt          |     5 |     3 ||     8
  Use: Scroll            |     5 |       ||     5
 Stab: Distracted        |     1 |       ||     1
  Eat: Chunk             |     2 |       ||     2
Armor: Leather armour    |     2 |       ||     2
       Ring mail         |    36 |     6 ||    42
Dodge: Dodged            |    77 |     7 ||    84
